 Dungeon Crawl Stone Soup version 0.26.1-10-gdfb7c7de75 (webtiles) character file.

Game seed: 4707832243901034942

891 diana the Ducker (level 7, -2/55 HPs)
             Began as a Demonspawn Gladiator on Apr 2, 2021.
             Slain by a wyvern (5 damage)
             ... on level 6 of the Dungeon.
             The game lasted 00:12:16 (6567 turns).

diana the Ducker (Demonspawn Gladiator)             Turns: 6567, Time: 00:12:16

Health: -2/55      AC: 11    Str: 16    XL:     7   Next: 78%
Magic:  7/7        EV: 13    Int: 10    God:
Gold:   275        SH:  0    Dex: 14    Spells: 6/6 levels left

rFire    . . .     SeeInvis .   a - +0 quarterstaff
rCold    . . .     Faith    .   (shield currently unavailable)
rNeg     . . .     Spirit   .   n - +0 ring mail
rPois    .         Reflect  .   c - +0 helmet
rElec    .         Harm     .   h - +0 cloak
rCorr    +         Rampage  .   m - +0 pair of gloves
Will     .....                  (no boots)
Stlth    ++........             (no amulet)
HPRegen  0.18/turn              e - ring of stealth
MPRegen  0.10/turn              o - ring of resist corrosion

@: hasted, very quick
A: claws 1, slimy green scales 1, powered by death 1
a: no special abilities


You were on level 6 of the Dungeon.
You visited 1 branch of the dungeon, and saw 6 of its levels.

You collected 275 gold pieces.

Inventory:

Hand Weapons
 a - a +0 quarterstaff (weapon)
Missiles
 t - 3 javelins (quivered)
 x - 11 boomerangs
Armour
 c - a +0 helmet (worn)
 h - a +0 cloak (worn)
 m - a +0 pair of gloves (worn)
 n - a +0 ring mail (worn)
 z - a +0 chain mail
Jewellery
 e - a ring of stealth (left hand)
 o - a ring of resist corrosion (right hand)
 v - an uncursed amulet of regeneration {unknown}
Wands
 b - a wand of polymorph (2)
Scrolls
 f - 2 scrolls of blinking
 g - 2 scrolls of random uselessness
 i - 4 scrolls of identify
 j - 4 scrolls of remove curse
 l - 2 scrolls of enchant weapon
 r - a scroll of magic mapping {unknown}
 w - 2 scrolls of immolation {unknown}
 y - a scroll of teleportation {unknown}
Potions
 k - a potion of heal wounds
 p - a potion of curing
 q - 2 potions of haste
 s - 2 potions of attraction
 u - 3 potions of lignification


   Skills:
 + Level 4.3 Fighting
 + Level 4.3 Staves
 - Level 2.1 Throwing
 * Level 4.4 Armour
 - Level 5.0 Dodging


You had 6 spell levels left.
You didn't know any spells.
Your spell library contained the following spells:

 Spells                   Type           Power        Failure   Level
 Magic Dart               Conj           0%           56%         1
 Searing Ray              Conj           0%           71%         2
 Dazzling Flash           Conj/Hex       0%           90%         3
 Fulminant Prism          Conj/Hex       0%           100%        4
 Iskenderun's Mystic Bla  Conj/Tloc      0%           100%        4


Dungeon Overview and Level Annotations

Branches:
Dungeon (6/15)
 Temple: D:4-7

Altars:
Cheibriados
Hepliaklqana
The Shining One


Innate Abilities, Weirdness & Mutations

You have sharp fingernails.
You are partially covered in slimy green scales. (AC +2)
You regenerate a little health from kills.


Message History

Throw: 2 throwing nets
Press: ? - help, Q - select action, (/) - cycle Shift-Dir - straight line, f - wyvern
Aim: a wyvern (moderately wounded, 62% to hit)
You throw a throwing net.
The throwing net barely misses the wyvern.
The wyvern closely misses you.
Throw: throwing net
Press: ? - help, Q - select action, (/) - cycle Shift-Dir - straight line, f/p - wyvern
Aim: a wyvern (moderately wounded, 62% to hit)
You throw a throwing net. The throwing net hits the wyvern.
The wyvern is caught in the net!
The wyvern is moderately wounded.
The wyvern struggles against the net.
You feel yourself speed up.
The wyvern struggles against the net. x2
The net rips apart, and the wyvern comes free!
You see here a glowing whip.
You see here a quokka corpse.
There is a stone staircase leading up here.
The wyvern bites you.
You die...

##############.#
.......@l......#
#########)######
##.# #..# #.##
#.# #.(.# #.##.#
# ###


You could see a wyvern.

Vanquished Creatures
  Grinder (D:4)
  Edmund (D:4)
  An ogre (D:4)
  A centaur (D:5)
  A hound (D:5)
  A bullfrog skeleton (D:4)
  3 iguanas (D:4)
  2 worker ants
  8 gnolls
  5 adders
  A white imp (D:5)
  4 oozes
  3 adder skeletons (D:4)
  4 worms
  4 dart slugs
  3 leopard geckos
  An orc (D:4)
  4 ball pythons
  4 giant cockroaches
  8 goblins
  5 hobgoblins
  6 kobolds
  2 quokkas
  5 bats
  5 frilled lizards
  9 rats
92 creatures vanquished.

Notes
Turn   | Place    | Note
-------+----------+-------------------------------------------
     0 | D:1      | diana the Demonspawn Gladiator began the quest for the Orb.
     0 | D:1      | Reached XP level 1. HP: 16/16 MP: 1/1
    67 | D:1      | Gained mutation: You regenerate a little health from kills.
                  | [demonic ancestry]
    67 | D:1      | Reached XP level 2. HP: 21/22 MP: 2/2
  1180 | D:2      | Gained mutation: You are partially covered in slimy green
                  | scales. (AC +2) [demonic ancestry]
  1180 | D:2      | Reached XP level 3. HP: 5/28 MP: 3/3
  1505 | D:2      | Reached skill level 1 in Armour
  1549 | D:2      | Reached skill level 3 in Dodging
  1817 | D:2      | Reached XP level 4. HP: 30/34 MP: 4/4
  2886 | D:3      | Gained mutation: You have sharp fingernails. [demonic
                  | ancestry]
  2886 | D:3      | Reached XP level 5. HP: 25/41 MP: 5/5
  3950 | D:4      | Noticed an ogre
  3982 | D:5      | Entered Level 5 of the Dungeon
  4212 | D:5      | Found a glowing golden altar of the Shining One.
  4379 | D:5      | Noticed a centaur
  4436 | D:4      | Noticed Edmund
  4455 | D:4      | Found a snail-covered altar of Cheibriados.
  4545 | D:4      | Reached skill level 4 in Dodging
  4545 | D:4      | Reached XP level 6. HP: 47/47 MP: 6/6
  4884 | D:4      | Noticed Grinder
  4904 | D:4      | Paralysed by Grinder for 4 turns
  4919 | D:4      | Killed Grinder
  4920 | D:4      | Reached XP level 7. HP: 19/53 MP: 7/7
  5148 | D:4      | Found a hazy altar of Hepliaklqana.
  5733 | D:5      | Reached skill level 5 in Dodging
  6224 | D:4      | Killed Edmund
  6548 | D:6      | Noticed a wyvern
  6557 | D:6      | HP: 1/55 [wyvern (12)]
  6567 | D:6      | Slain by a wyvern

Illustrated notes

Levels and vault maps discovered:
D:1:      heliophobic_arrival_ceremonial_halls, layout_loops_ring
D:2:      minmay_angry_zag, layout_loops_ring, minivault_5
D:3:      layout_loops_ring, minmay_between
D:4:      layout_basic, nzn_hepliaklqana_mist_gate, lemuel_round_altar,
          uniq_grinder, uniq_edmund
D:5:      layout_loops_corners, tso_oasis_becter
D:6:      minmay_cornered_nines, layout_basic, ebering_dispersal_statue_hall,
          uniq_crazy_yiuf_cottage, uniq_blork_the_orc, uniq_duvessa, uniq_maggie

Skill      XL: |  1  2  3  4  5  6  7 |
---------------+----------------------+-----
Throwing       | 2 |  2.1
Staves         | 3 4 |  4.3
Armour         | 1 2 3 4 |  4.4
Dodging        | 3 4 5 |  5.0
Fighting       | 3 4 |  4.3

Action                   |  1- 3 |  4- 6 |  7- 9 || total
-------------------------+-------+-------+-------++-------
Melee: Quarterstaff      |   102 |   182 |    87 ||   371
Throw: Throwing net      |       |       |     5 ||     5
  Use: Potion            |     1 |     2 |     1 ||     4
       Scroll            |       |     9 |       ||     9
 Stab: Sleeping          |     2 |     7 |     1 ||    10
       Held in net/web   |       |       |     1 ||     1
Armor: Leather armour    |     5 |       |       ||     5
       Ring mail         |    26 |    73 |    27 ||   126
Dodge: Dodged            |    72 |   120 |    46 ||   238
